 Dungeon Crawl Stone Soup version 0.29-a0-512-gf59ac788ac (webtiles) character file.

Game seed: 1324104610575960047

473 ytrimaz the Sneak (level 7, -8/43 HPs)
             Began as an Octopode Transmuter on May 29, 2022.
             Mangled by an ogre
             ... wielding a +0 giant club
              (20 damage)
             ... on level 4 of the Dungeon.
             The game lasted 00:05:27 (4070 turns).

ytrimaz the Sneak (Octopode Transmuter)             Turns: 4070, Time: 00:05:27

Health: -8/43      AC:  2    Str: 10    XL:     7   Next: 10%
Magic:  8/12       EV: 19    Int: 17    God:
Gold:   822        SH:  0    Dex: 15    Spells: 4/13 levels left

rFire   . . .      SeeInvis .     - Unarmed
rCold   . . .      Faith    .   (shield currently unavailable)
rNeg    + . .      Spirit   .   (helmet currently unavailable)
rPois   x          Reflect  .   (no amulet)
rElec   .          Harm     .   p - ring of positive energy
rCorr   .          Rampage  .   (no ring)
Will    .....                   (no ring)
Stlth   +++.......              (no ring)
HPRegen 0.14/turn               (no ring)
MPRegen 0.13/turn               (no ring)
                                (no ring)
                                (no ring)

@: brilliant, spider-form
A: venomous fangs, almost no armour, (amphibious), 8 rings, tiny, (camouflage
1), (gelatinous body 1), (nimble swimmer 1), (tentacles), (tentacle spike 1),
clumsy 1
a: End Transformation


You were on level 4 of the Dungeon.
You were a venomous arachnid creature.
You visited 1 branch of the dungeon, and saw 4 of its levels.

You collected 822 gold pieces.

Inventory:

Armour
 b - the +4 hat of Gerypusm (melded) {Str+3 Int+6}
   (You acquired it on level 2 of the Dungeon)

   Str:       It affects your strength (+3).
   Int:       It affects your intelligence (+6).
Jewellery
 p - a ring of positive energy (left front leg)
Scrolls
 d - a scroll of teleportation
 g - a scroll of amnesia
 k - a scroll of poison
 l - 2 scrolls of vulnerability
 m - 2 scrolls of enchant weapon
 n - a scroll of enchant armour
 r - a scroll of acquirement
Potions
 c - 2 potions of mutation
 f - a potion of resistance {unknown}
 h - a potion of berserk rage {unknown}
 i - a potion of flight {unknown}
 j - a potion of attraction {unknown}
 o - 2 potions of heal wounds {unknown}
 q - a potion of degeneration {unknown}


   Skills:
 - Level 1.0 Fighting
 - Level 2.0 Dodging
 * Level 6.7 Stealth
 - Level 3.0 Unarmed Combat
 + Level 3.7 Spellcasting
 + Level 3.7 Transmutations
 * Level 2.3 Poison Magic


You had 4 spell levels left.
You knew the following spells:

 Your Spells              Type           Power      Damage    Failure   Level
a - Beastly Appendage     Tmut           46%        N/A       12%         1
b - Wereblood             Tmut           23%        N/A       16%         2
c - Spider Form           Tmut/Pois      20%        N/A       32%         3
d - Ozocubu's Armour      Ice            4%         N/A       65%         3

Your spell library contained the following spells:

 Spells                   Type           Power      Damage    Failure   Level
 Confusing Touch          Hex            4%         N/A       65%         3
 Frozen Ramparts          Ice            8%         1d2       65%         3
 Gell's Gravitas          Tloc           4%         N/A       65%         3
 Lesser Beckoning         Tloc           4%         N/A       65%         3
 Teleport Other           Tloc           4%         N/A       65%         3
 Ice Form                 Ice/Tmut       14%        N/A       78%         4
 Blade Hands              Tmut           11%        N/A       86%         5
 Summon Mana Viper        Hex/Summ       4%         N/A       100%        5
 Iron Shot                Conj/Erth      2%         9d2       100%        6
 Ozocubu's Refrigeration  Ice            2%         4d5       100%        7
 Animate Armour           Summ/Erth      Unusable   N/A       N/A         4

Dungeon Overview and Level Annotations

Branches:
Dungeon (4/15)
 Temple: D:4-7

Altars:
Dithmenos


Innate Abilities, Weirdness & Mutations

You are a venomous arachnid creature.
You have poisonous fangs.
You are tiny and dextrous.
Your spellcasting is less reliable in this form.
Your armour is entirely melded.
You are incapable of wielding weapons or throwing items.
You cannot wear most types of armour.
((You are amphibious.))
You can wear up to eight rings at the same time.
((Your skin changes colour to match your surroundings (Stealth+).))
((Your rubbery body absorbs attacks. (AC +1, EV +1)))
((You are camouflaged when in or above water. (Stealth+)))
((You have tentacles for arms and can constrict up to eight enemies at once.))
((One of your tentacles bears a spike.))
You are clumsy. (Dex -2)


Message History

You barely miss the phantom.
The phantom is heavily damaged.
You bite the phantom!
The phantom is severely damaged.
The phantom barely misses you.
You hit the phantom.
The phantom is almost destroyed.
The phantom hits you!
* * * LOW HITPOINT WARNING * * *
The phantom blinks!
You blink.
Unknown command.
The phantom barely misses you.
Your primal bloodlust is almost over.
The phantom hits you.
* * * LOW HITPOINT WARNING * * *
The phantom attacks as you move away! The phantom hits you.
* * * LOW HITPOINT WARNING * * *
You hiss as the wereblood boils in your veins!
The goblin shouts!
You hit the phantom.
The phantom is almost destroyed.
The phantom closely misses you.
You hit the phantom.
You feel a bit better.
You destroy the phantom!
You hiss as the wereblood boils in your veins!
You have reached level 7!
You bite the shadow imp!
The shadow imp is severely wounded.
The shadow imp shouts, "Out, out, thou bawdy ill-breeding fleecer!"
The shadow imp misses you.
You hit the shadow imp.
The shadow imp is poisoned.
The shadow imp is almost dead.
You feel a bit better.
You kill the shadow imp!
The goblin barely misses you.
You hit the goblin.
You feel a bit better.
You kill the goblin!
Your primal bloodlust has ended.
The ogre hits you with a +0 giant club!!
You die...

##.## .###.#............
##...## ..h##.#............
#....O#####.....#.#............
#..#.5.Og....# #..............
#...†o##5##.....###..[.........
##...###§# ...## ######....#..
##### #.# #### ####....
#.####..#### ##...
#.....Os...### ##..
##..######...###### #.. #.##
###......# #.. #.# ######.# #..
#.# #.# ##. #.# #.###### #.#
##.......
###.#############........
###......<..........######.


You could see an ogre.

Vanquished Creatures
  A water moccasin (D:3)
  A phantom (D:4)
  Blork the orc (D:4)
  A necrophage (D:4)
  2 iguanas (D:4)
  2 adders
  A shadow imp (D:4)
  A dart slug (D:3)
  A worm (D:3)
  4 orcs (D:3)
  4 endoplasms
  7 giant cockroaches
  7 goblins
  12 hobgoblins
  9 jackals
  3 quokkas (D:1)
  10 ball pythons
  3 bats
  6 frilled lizards
  5 kobolds
  5 rats
86 creatures vanquished.

Notes
Turn   | Place    | Note
-------+----------+-------------------------------------------
     0 | D:1      | ytrimaz the Octopode Transmuter began the quest for the
                  | Orb.
     0 | D:1      | Reached XP level 1. HP: 13/13 MP: 3/3
   193 | D:1      | Reached skill level 1 in Stealth
   205 | D:1      | Reached XP level 2. HP: 12/18 MP: 5/5
   507 | D:1      | Found a faded altar of an unknown god.
   694 | D:1      | Reached XP level 3. HP: 19/23 MP: 6/6
   702 | D:1      | Learned a level 2 spell: Wereblood
   706 | D:1      | Learned a level 3 spell: Spider Form
  1320 | D:2      | Reached skill level 2 in Stealth
  1516 | D:2      | You fall into a shaft and drop 1 floor!
  1578 | D:3      | Reached XP level 4. HP: 8/28 MP: 8/8
  1864 | D:3      | HP: 1/28 [goblin/+0 dagger (1)]
  2676 | D:2      | Identified 3 scrolls of acquirement
  2680 | D:2      | Acquired the +4 hat of Gerypusm {Str+3 Int+6}
  2682 | D:2      | Acquired Xeicumoa's Collected Works on Glacial Enchantment
  2686 | D:2      | Acquired 658 gold pieces
  2802 | D:3      | Found a shadowy altar of Dithmenos.
  2843 | D:3      | Reached skill level 3 in Stealth
  2854 | D:3      | Noticed a water moccasin
  2861 | D:3      | Learned a level 3 spell: Ozocubu's Armour
  2893 | D:3      | Killed a water moccasin
  2894 | D:3      | Reached skill level 4 in Stealth
  2894 | D:3      | Reached skill level 1 in Poison Magic
  2894 | D:3      | Reached XP level 5. HP: 33/33 MP: 8/10
  3279 | D:4      | Reached XP level 6. HP: 27/38 MP: 7/11
  3387 | D:4      | Reached skill level 5 in Stealth
  3643 | D:4      | Noticed Blork the orc
  3653 | D:4      | Killed Blork the orc
  4036 | D:4      | Gained mutation: You are clumsy. (Dex -2) [potion of
                  | mutation]
  4036 | D:4      | Gained mutation: One of your tentacles bears a spike.
                  | [potion of mutation]
  4049 | D:4      | Reached skill level 6 in Stealth
  4066 | D:4      | Reached XP level 7. HP: 8/43 MP: 7/12
  4070 | D:4      | Mangled by an ogre

Illustrated notes

Levels and vault maps discovered:
D:1:      onia_arrival_mini_maze, layout_rooms, basic_ecumenical_altar,
          minmay_box_of_dots
D:2:      layout_basic
D:3:      layout_basic, mainiacjoe_overflow_24_doors
D:4:      minmay_octagon_keep, layout_rooms, uniq_blork_the_orc

Skill      XL: |  1  2  3  4  5  6 |
---------------+-------------------+-----
Stealth        | 1 2 4 6 |  6.7
Spellcasting   | 3 |  3.7
Transmutations | 3 |  3.7
Poison Magic   | 1 2 |  2.3
Fighting       | |  1.0
Dodging        | |  2.0
Unarmed Combat | |  3.0

Action                   |  1- 3 |  4- 6 |  7- 9 || total
-------------------------+-------+-------+-------++-------
Melee: Unarmed           |    95 |   114 |     3 ||   212
       Constrict         |    27 |    19 |       ||    46
       Kick              |    17 |    10 |       ||    27
       Tentacles         |    17 |    13 |       ||    30
       Punch             |     3 |     2 |       ||     5
 Cast: Beastly Appendage |    16 |     8 |       ||    24
       Spider Form       |       |     5 |       ||     5
       Wereblood         |       |     2 |       ||     2
  Use: Scroll            |     4 |     8 |       ||    12
       Potion            |       |     5 |       ||     5
 Stab: Sleeping          |     6 |    10 |       ||    16
Armor: Skin              |    12 |    25 |       ||    37
Dodge: Dodged            |    66 |    84 |     2 ||   152

Table legend: (Time is in decaauts)
 A = Elapsed time spent in this place.
 B = Non-inter-level travel time spent in this place.
 C = Inter-level travel time spent in this place.
 D = Time resting spent in this place.
 E = Time spent auto-exploring this place.
 F = Levels seen in this place.
 G = Mean time per level.
                   A        B        C        D        E       F      G
               +--------+--------+--------+--------+--------+-----+--------+
         Total |   4056 |   3969 |     87 |    771 |   2519 |   4 | 1014.0 |
       Dungeon |   4056 |   3969 |     87 |    771 |   2519 |   4 | 1014.0 |
               +--------+--------+--------+--------+--------+-----+--------+

Top non-repeatable levels by time:
     D:1: 1162 daAuts
     D:3: 1133 daAuts
     D:2: 943 daAuts
     D:4: 817 daAuts
